AoeStats
← PZ|MBalu

Arabia

506491583Analyzed
3v3 RM · 20d ago on Sep 13, 2026· 33m 41s· 6 players
Game mode
Random Map
Map size
Normal (6 player)
Population
200
Speed
Normal
Resources
Standard
Victory
Conquest
Starting age
Dark Age
Ending age
Imperial Age
RankedLock teamsTeams togetherTeam positionsShared explorationLock speedFull tech treeHidden civsTurbo modeCheats
Victory
Defeat
🇭🇺 Franks · Hungary
1242
+15
🇭🇺 Ethiopians · Hungary
1237
+16
🇭🇺 Persians · Hungary
1191
+18
🇧🇷 Saracens · Brazil
1306
-19
🇧🇷 Magyars · Brazil
1218
-16
🇧🇷 Britons · Brazil
1164
-14
PZ|MBalu
6:50 Loom
9:16 Feudal Age
10:21 Double-Bit Axe
20:40 Castle Age
18:50 Horse Collar
20:15 Bloodlines
20:08 Gold Mining
21:11 Scale Barding Armor
25:59 Forging
26:34 Wheelbarrow
27:01 Heavy Plow
28:29 Chain Barding Armor
30:32 Iron Casting
PZ|SlothKing
8:32 Feudal Age
7:35 Loom
11:32 Fletching
11:43 Padded Archer Armor
14:56 Padded Archer Armor
26:05 Castle Age
25:53 Double-Bit Axe
26:07 Crossbowman
26:59 Bodkin Arrow
29:44 Horse Collar
PZ|ReDw1nG
7:38 Loom
9:42 Feudal Age
14:19 Scale Barding Armor
15:24 Forging
20:50 Castle Age
19:24 Double-Bit Axe
20:57 Gold Mining
23:03 Bow Saw
25:57 Chain Barding Armor
27:49 Iron Casting
27:20 Stone Mining
apyrupa_LimaH
8:16 Feudal Age
15:33 Loom
22:32 Fletching
24:48 Double-Bit Axe
26:19 Padded Archer Armor
26:49 Horse Collar
ViRGuLiNo
6:41 Loom
9:28 Feudal Age
10:41 Double-Bit Axe
13:54 Fletching
16:21 Padded Archer Armor
23:12 Castle Age
22:46 Scale Mail Armor
22:57 Forging
23:38 Horse Collar
23:31 Crossbowman
26:46 Scale Barding Armor
28:24 Bodkin Arrow
29:41 Thumb Ring
29:52 Leather Archer Armor
30:22 Bloodlines
APY_TIAGO
7:03 Loom
9:19 Feudal Age
9:48 Double-Bit Axe
18:18 Scale Barding Armor
19:57 Bloodlines
24:31 Castle Age
23:59 Gold Mining
25:01 Light Cavalry
25:51 Husbandry
27:16 Bow Saw
28:27 Chain Barding Armor
Connection lost

Rejoining the realm…

Still unreachable

The connection could not be restored.

Session expired

The server has moved on; the page needs a fresh start.